 Dungeon Crawl Stone Soup version 0.23-b1-13-gf37ab262a9 (webtiles) character file.

Game seed: 7256626787106801681

49 McKennaii the Firebug (level 3, -2/27 HPs)
             Began as a Draconian Fire Elementalist on Feb 3, 2019.
             Slain by a gnoll
             ... wielding a +0 whip
              (5 damage)
             ... on level 2 of the Dungeon.
             The game lasted 00:05:19 (1562 turns).

McKennaii the Firebug (Draconian Fire Elementalist) Turns: 1562, Time: 00:05:20

Health: -2/27      AC:  5    Str: 10    XL:     3   Next: 51%
Magic:  2/6        EV: 12    Int: 16    God:
Gold:   107        SH:  0    Dex: 11    Spells: 5/6 levels left

rFire    . . .     SeeInvis .   l - +0 long sword
rCold    . . .     Gourm    .   (no shield)
rNeg     . . .     Faith    .   (armour unavailable)
rPois    .         Spirit   .   (helmet restricted)
rElec    .         Reflect  .   (no cloak)
rCorr    .         Harm     .   (no gloves)
MR       .....                  (no boots)
Stlth    ++........             (no amulet)
HPRegen  0.09/turn              (no ring)
MPRegen  0.10/turn              (no ring)

@: no status effects
A: unfitting armour, cold-blooded, AC +5
a: no special abilities


You were on level 2 of the Dungeon.
You were very hungry.

You visited 1 branch of the dungeon, and saw 2 of its levels.

You collected 107 gold pieces.

Inventory:

Hand Weapons
 l - a +0 long sword (weapon)
Scrolls
 a - 2 scrolls of teleportation {unknown}
 d - a scroll of immolation {unknown}
 e - a scroll of enchant armour {unknown}
 g - a scroll of fog {unknown}
 h - 2 scrolls of enchant weapon {unknown}
 i - 2 scrolls of noise {unknown}
Potions
 c - a potion of brilliance {unknown}
 f - a potion of lignification {unknown}
 j - 2 potions of degeneration {unknown}
 k - a potion of curing {unknown}
Comestibles
 b - 2 rations


   Skills:
 + Level 0.4 Fighting
 + Level 2.2 Dodging
 + Level 2.1 Stealth
 - Level 0.1 Unarmed Combat
 + Level 2.3 Spellcasting
 + Level 1.3 Conjurations
 + Level 3.5 Fire Magic


You had 5 spell levels left.
You knew the following spells:

 Your Spells              Type           Power        Failure   Level  Hunger
a - Flame Tongue          Conj/Fire      #....        8%          1    #......

Your spell library contained the following spells:

 Spells                   Type           Power        Failure   Level  Hunger
 Throw Flame              Conj/Fire      #.....       11%         2    ###....
 Conjure Flame            Conj/Fire      #.......     22%         3    ###....
 Inner Flame              Hex/Fire       #.......     28%         3    ###....
 Sticky Flame             Conj/Fire      #.......     58%         4    #####..
 Fireball                 Conj/Fire      #.........   90%         5    ######.


Dungeon Overview and Level Annotations

Branches:
Dungeon (2/15)

Altars:


Innate Abilities, Weirdness & Mutations

Your plain brown scales are hard. (AC +5)
You cannot fit into any form of body armour.
You are cold-blooded and may be slowed by cold attacks.


Message History

Unknown command.
There is an open door here.
Items here: )) †† a +0 club x2; a goblin corpse; a hobgoblin corpse A gnoll comes into view.
It is wielding a +0 whip.
The gnoll shouts!
The gnoll closely misses you. The gnoll completely misses you.
You barely miss the gnoll. You tail-slap the gnoll.
The gnoll is lightly wounded.
The gnoll barely misses you. The gnoll closely misses you. The gnoll hits you!
The gnoll hits you with a +0 whip.
You are feeling very hungry.
You completely miss the gnoll.
The gnoll is lightly wounded.
The gnoll hits you from afar with a +0 halberd!
* * * LOW HITPOINT WARNING * * *
The gnoll hits you.
* * * LOW HITPOINT WARNING * * *
The gnoll hits you with a +0 whip.
You die...

.##......###.........###
...........'†.......^'.
.##.#...####.........#
.##.....# ##.......#
........# ##.....##
###.#.### ##...## #...#
##)## #...# ######.###
#...# #.....@..# #...#
#.####gg.# ##.## ..g.#
#.# ....... #.#
......### #.# ####...#
#.. ....# ....#


You could see 3 gnolls.

Vanquished Creatures
  An ooze (D:1)
  A dart slug (D:1)
  A worm (D:2)
  A ball python (D:1)
  2 giant cockroaches
  6 goblins
  3 hobgoblins
  4 jackals (D:1)
  5 bats (D:1)
  2 frilled lizards (D:1)
  7 kobolds
  7 rats
40 creatures vanquished.

Notes
Turn   | Place    | Note
-------+----------+-------------------------------------------
     0 | D:1      | McKennaii the Draconian Fire Elementalist began the quest
                  | for the Orb.
     0 | D:1      | Reached XP level 1. HP: 14/14 MP: 3/3
   248 | D:1      | Reached XP level 2. HP: 20/20 MP: 0/5
   695 | D:1      | Reached XP level 3. HP: 26/26 MP: 2/6
  1562 | D:2      | Slain by a gnoll

Skill      XL: |  1  2  3 |
---------------+----------+-----
Dodging        | 2 |  2.2
Stealth        | 2 |  2.1
Fighting       | |  0.4
Unarmed Combat | |  0.1
Spellcasting   | |  2.3
Conjurations   | |  1.3
Fire Magic     | |  3.5

Action                   || total
-------------------------++-------
Melee: Unarmed           ||    94
       Tailslap          ||     8
       Long sword        ||     2
 Cast: Flame Tongue      ||    57
  Eat: Chunk             ||     2
Armor: Skin              ||    36
Dodge: Dodged            ||    99
